 Dungeon Crawl Stone Soup version 0.18-a0-1718-g40ea4b6 (webtiles) character file.

51057 azaza322 the Peltast (level 14, 0/92 HPs)
             Began as a Gargoyle Fighter on Apr 8, 2016.
             Was a High Priest of the Shining One.
             Incinerated by a deep elf mage (2 damage)
             ... with a sticky flame
             ... on level 2 of the Orcish Mines.
             The game lasted 00:56:12 (17250 turns).

azaza322 the Peltast (Gargoyle Fighter)            Turns: 17250, Time: 00:56:13

Health: 0/92       AC: 26    Str: 22    XL:     14   Next: 57%
Magic:  0/18       EV: 10    Int: 11    God:    the Shining One [*****.]
Gold:   1255       SH: 14    Dex: 10    Spells: 0 memorised, 13 levels left

rFire  . . .     SeeInvis .     C - +1 flail (protect)
rCold  . . .     Gourm    .     b - +0 scale mail
rNeg   + + +     Faith    .     c - +0 shield
rPois  ∞         Spirit   +     Q - +0 hat
rElec  +         Dismiss  .     F - +0 cloak
rCorr  .         Reflect  .     B - +0 pair of gloves
SustAt +         Harm     .     j - +0 pair of boots
MR     +....                    T - amulet of guardian spirit
Stlth  ..........               G - ring of sustain attributes
                                e - +2 ring of protection

@: liquid flames, glowing, somewhat resistant to hostile enchantments, extremely
unstealthy
A: antennae 1, big wings, deformed body, negative energy resistance 1,
regeneration 1, electricity resistance, unbreathing, petrification resistance,
rot immunity, subdued magic 1, AC +9
a: Fly, Divine Shield, Cleansing Flame, Summon Divine Warrior, Renounce Religion


You were on level 2 of the Orcish Mines.
You worshipped the Shining One.
The Shining One was extremely pleased with you.
You were not hungry.

You visited 3 branches of the dungeon, and saw 18 of its levels.
You also visited: Sewer.

You collected 1415 gold pieces.
You spent 160 gold pieces at shops.

Inventory:

Hand Weapons
 C - a +1 flail of protection (weapon)
Missiles
 J - 2 javelins of returning (quivered)
Armour
 b - a +0 scale mail (worn)
 c - a +0 shield (worn)
 j - a +0 pair of boots (worn)
 B - a +0 pair of gloves (worn)
 F - a +0 cloak (worn)
 Q - a +0 hat (worn)
Jewellery
 a - an uncursed ring of resist corrosion
 e - a +2 ring of protection (left hand)
 l - an uncursed ring of wizardry
 G - a ring of sustain attributes (right hand)
 T - an amulet of guardian spirit (around neck)
Wands
 H - a wand of iceblast (9/15)
 R - a wand of flame (22/48)
 S - a wand of iceblast (3/15)
 U - a wand of iceblast (2/15)
 V - a wand of slowing (21/48)
 X - a wand of disintegration (14/24)
Scrolls
 g - 8 scrolls of identify
 h - 4 scrolls of remove curse
 o - 4 scrolls of recharging {unknown}
 p - a scroll of acquirement {unknown}
 q - 3 scrolls of amnesia {unknown}
 r - 6 scrolls of immolation {unknown}
 t - 2 scrolls of blinking {unknown}
 u - 2 scrolls of enchant armour {unknown}
 w - 3 scrolls of enchant weapon
 y - 7 scrolls of teleportation {unknown}
 z - 4 scrolls of random uselessness {unknown}
 D - a scroll of fog {unknown}
 I - 4 scrolls of fear {unknown}
 K - a scroll of summoning {unknown}
 M - 2 scrolls of magic mapping
Potions
 i - 4 potions of flight
 k - 2 potions of brilliance
 m - 3 potions of agility
 n - a potion of cure mutation
 v - 2 potions of haste
 A - a potion of cancellation
 E - 2 potions of invisibility
 N - a potion of magic
 W - a potion of berserk rage
Comestibles
 d - 2 chunks of flesh
 f - 9 bread rations
 x - 3 meat rations
 O - 17 fruits
 P - 7 slices of pizza


   Skills:
 + Level 12.4 Fighting
 + Level 13.7 Maces & Flails
 + Level 10.3 Armour
 + Level 15.3 Shields
 * Level 6.5 Invocations


You had 13 spell levels left.
You didn't know any spells.

Dungeon Overview and Level Annotations

Branches:
Dungeon (15/15)            Temple (1/1) D:7            Lair (0/8) D:10
    Orc (2/2) D:12         Vaults (0/5) D:14
    Elf: Orc:2       Depths: D:15

Altars:
Ashenzari
Cheibriados
Dithmenos
Elyvilon
Fedhas
Gozag
Kikubaaqudgha
Makhleb
Nemelex Xobeh
Pakellas
Qazlal
Sif Muna
Vehumet
The Shining One

Shops:
D:6 }   D:13 (   D:14 (*}   Orc:1 !

Portals:
Trove: D:14 (give 2 potions of cure mutation)


Innate Abilities, Weirdness & Mutations

You are resistant to torment.
Your stone body is resilient (AC +9).
You are immune to poison.
Your large and strong wings let you fly indefinitely.
You resist negative energy.
You are resistant to electric shocks.
You can survive without breathing.
You are immune to petrification.
You are immune to rotting.
You have a pair of small antennae on your head.
Armour fits poorly on your strangely shaped body.
Your natural rate of healing is unusually fast.
Your spells are a little easier to cast, but a little less powerful.


Message History

You kill the deep elf mage!
You are covered in liquid flames!
* * * LOW HITPOINT WARNING * * *
The fire elemental disappears in a puff of smoke! x2
You are covered in liquid flames!
* * * LOW HITPOINT WARNING * * *
Things that are here:
a hand axe; a plate armour; an orc corpse You are covered in liquid flames!
* * * LOW HITPOINT WARNING * * *
You are covered in liquid flames!
* * * LOW HITPOINT WARNING * * *
Things that are here:
a flail; a chain mail; an orc corpse You are covered in liquid flames!
* * * LOW HITPOINT WARNING * * *
You are covered in liquid flames!
* * * LOW HITPOINT WARNING * * *
You are covered in liquid flames!
You die...

##......)#.#........###..#......
.......)[...[).#..)..<#.........
......##.........))....#...)....
..... #.........)<).....#.......
##........#.....#))..#.#........
#.................[##...........
#...................#...........
##############....)###...###....
#.@....#....##.....
#..........##......
#.....##..##.#.....
#.))...#......#..
#..)$.$#...#.#....
#))...#.......# ..
#.....#....o###...
#))..#)÷≈≈##≈≈≈#..
#..#.#≈≈##≈≈≈≈≈≈..


There were no monsters in sight!

Vanquished Creatures
  A stone giant (Orc:1)
  The ghost of skk the Blocker, a journeyman DsFi of Okawaru (D:13)
  5 vault guards
  An ogre mage (D:14)
  Erolcha (D:9)
  2 hydras
  4 centaur warriors
  A catoblepas (D:13)
  A death knight (D:13)
  Erica (D:10)
  An orc high priest (Orc:2)
  Urug (D:11)
  Sonja (D:10)
  A deep elf knight (D:15)
  An unseen horror (D:10)
  Pikel (D:5)
  6 hill giants
  An orc knight (D:14)
  A necromancer (D:10)
  7 ugly things
  A manticore (D:14)
  A cyclops (D:11)
  4 orc sorcerers
  10 deep elf magi
  Joseph (D:9)
  An elephant (shapeshifter) (D:14)
  2 gargoyles
  A kobold demonologist (D:14)
  3 freezing wraiths (D:13)
  The ghost of azaza322 the Shield-Bearer, a novice GrFi (D:5)
  A yaktaur (D:14)
  A komodo dragon (D:10)
  An efreet (D:13)
  6 trolls
  2 tengu conjurers
  3 two-headed ogres
  Grinder (D:4)
  2 shadows
  4 wraiths
  A wyvern (D:11)
  7 yaks
  A hungry ghost (D:11)
  5 vampire mosquitoes
  3 hippogriffs
  2 mottled dragons
  A swamp worm (shapeshifter) (D:15)
  A warg (D:12)
  Edmund (D:4)
  Purgy (Sewer)
  4 ice beasts
  2 wasps (D:12)
  16 orc warriors
  A necrophage (D:11)
  A phantom (D:9)
  A sky beast (D:8)
  3 black bears
  19 ogres
  18 centaurs
  2 crocodiles
  7 giant frogs
  2 wyvern zombies
  5 big kobolds
  A wyvern skeleton (D:11)
  3 scorpions
  A water moccasin skeleton (D:6)
  19 killer bees
  An electric eel (Orc:2)
  7 howler monkeys
  2 centaur zombies
  5 crimson imps
  2 quasits
  7 centaur skeletons
  3 giant frog zombies
  7 hounds
  Crazy Yiuf (D:7)
  3 giant frog skeletons
  3 jellies
  13 orc priests
  28 orc wizards
  6 iguanas
  Natasha (thrice) (D:4)
  9 worker ants
  2 sheep (D:9)
  4 worker ant zombies
  3 gnolls (D:6)
  A river rat (D:3)
  12 adders
  2 oozes
  An adder skeleton (D:9)
  An adder zombie (D:9)
  2 worms
  A dart slug (D:1)
  9 giant geckos
  70 orcs
  3 ball pythons
  8 giant cockroaches
  10 goblins
  9 hobgoblins
  4 jackals (D:1)
  3 quokkas
  15 bats
  A giant gecko zombie (D:7)
  9 giant newts
  18 kobolds
  2 quokka skeletons
  14 rats
517 creatures vanquished.

Vanquished Creatures (others)
  A crimson imp (D:5)
  A hound (D:5)
  An orc priest (Orc:2)
  A jelly (D:5)
  A shadow imp (D:5)
  An orc (Orc:1)
6 creatures vanquished.

Grand Total: 523 creatures vanquished

Notes
Turn   | Place    | Note
--------------------------------------------------------------
     0 | D:1      | azaza322 the Gargoyle Fighter began the quest for the Orb.
     0 | D:1      | Reached XP level 1. HP: 14/14 MP: 1/1
    92 | D:1      | Reached XP level 2. HP: 15/19 MP: 2/2
   347 | D:1      | Reached XP level 3. HP: 23/23 MP: 3/3
   392 | D:1      | Reached skill level 4 in Shields
   654 | D:2      | Reached XP level 4. HP: 25/29 MP: 4/4
  1092 | D:3      | Found a glowing drain.
  1109 | D:3      | Reached XP level 5. HP: 10/33 MP: 5/5
  1183 | Sewer    | Entered a sewer
  1348 | Sewer    | Noticed Purgy
  1369 | Sewer    | Killed Purgy
  1369 | Sewer    | Reached skill level 5 in Shields
  1580 | D:3      | Reached XP level 6. HP: 38/38 MP: 6/6
  2450 | D:4      | Noticed Natasha
  2463 | D:4      | Killed Natasha
  2465 | D:4      | Noticed Natasha
  2473 | D:4      | Killed Natasha
  2575 | D:4      | Noticed Natasha
  2580 | D:4      | Killed Natasha
  2594 | D:4      | Noticed Edmund
  2607 | D:4      | Killed Edmund
  2607 | D:4      | Reached skill level 6 in Shields
  2607 | D:4      | Reached XP level 7. HP: 43/44 MP: 7/7
  2719 | D:4      | Noticed Grinder
  2724 | D:4      | Paralysed by Grinder for 3 turns
  2732 | D:4      | Killed Grinder
  2732 | D:4      | Reached skill level 5 in Fighting
  2732 | D:4      | Reached skill level 5 in Armour
  2936 | D:5      | Entered Level 5 of the Dungeon
  2979 | D:5      | Noticed Pikel
  3007 | D:5      | Killed Pikel
  3007 | D:5      | Reached skill level 5 in Maces & Flails
  3007 | D:5      | Reached skill level 7 in Shields
  3007 | D:5      | Reached XP level 8. HP: 40/51 MP: 8/8
  3502 | D:5      | Noticed azaza322's ghost (novice GrFi)
  3528 | D:5      | Killed azaza322's ghost
  3655 | D:5      | Found a snail-covered altar of Cheibriados.
  3656 | D:5      | Found a shattered altar of Ashenzari.
  3714 | D:5      | Reached XP level 9. HP: 46/55 MP: 9/9
  3932 | D:6      | Reached skill level 8 in Shields
  4134 | D:6      | Found Mouqifig's Gadget Shop.
  4171 | D:6      | Found a stormy altar of Qazlal.
  4353 | D:6      | Found a blossoming altar of Fedhas.
  4425 | D:6      | Found an opulent altar of Gozag.
  4501 | D:7      | Found an oddly glowing altar of Pakellas.
  4502 | D:7      | Found a white marble altar of Elyvilon.
  4635 | D:7      | Found a staircase to the Ecumenical Temple.
  4642 | Temple   | Entered the Ecumenical Temple
  4683 | Temple   | Became a worshipper of the Shining One
  4778 | D:7      | Found a sparkling altar of Nemelex Xobeh.
  5132 | D:7      | Noticed Crazy Yiuf
  5142 | D:7      | Killed Crazy Yiuf
  5223 | D:8      | Noticed a two-headed ogre
  5237 | D:8      | Reached skill level 9 in Shields
  5244 | D:8      | Killed a two-headed ogre
  5596 | D:8      | Reached XP level 10. HP: 61/63 MP: 10/10
  5639 | D:8      | Gained mutation: Scrolls take you a little longer to read. [mutagenic meat]
  5640 | D:8      | Gained mutation: You are clumsy. (Dex -2) [mutagenic meat]
  5642 | D:8      | Lost mutation: You are clumsy. (Dex -2) [mutagenic meat]
  5889 | D:8      | Reached skill level 10 in Shields
  6449 | D:9      | Noticed Joseph
  6477 | D:9      | Killed Joseph
  6662 | D:9      | Noticed Erolcha
  6663 | D:9      | Paralysed by Erolcha for 6 turns
  6679 | D:9      | Killed Erolcha
  6797 | D:9      | Found an ancient bone altar of Kikubaaqudgha.
  6797 | D:9      | Found a deep blue altar of Sif Muna.
  6799 | D:9      | Found a radiant altar of Vehumet.
  6865 | D:9      | Reached * piety under the Shining One
  6997 | D:9      | Reached skill level 11 in Shields
  7038 | D:9      | Noticed a three-headed hydra
  7068 | D:9      | Killed a three-headed hydra
  7068 | D:9      | Reached XP level 11. HP: 16/71 MP: 11/11
  7338 | D:9      | Got a warped leather armour
  7349 | D:9      | Identified the +0 leather armour of Sesass {Str+7 Stlth+} (You took it off an orc on level 9 of the Dungeon)
  7379 | D:9      | Found an oddly glowing altar of Pakellas.
  7559 | D:10     | Entered Level 10 of the Dungeon
  7559 | D:10     | Noticed Erica
  7572 | D:10     | Killed Erica
  7657 | D:10     | HP: 1/71 [komodo dragon (18)]
  7889 | D:10     | Found a staircase to the Lair.
  7899 | D:10     | Noticed an unseen horror
  7911 | D:10     | Killed an unseen horror
  8225 | D:10     | Noticed Sonja
  8319 | D:10     | Reached ** piety under the Shining One
  8369 | D:10     | Killed Sonja
  8369 | D:10     | Reached skill level 10 in Maces & Flails
  8369 | D:10     | Reached skill level 12 in Shields
  8378 | D:10     | Noticed a necromancer
  8385 | D:10     | Killed a necromancer
  8901 | D:11     | Noticed a six-headed hydra
  8918 | D:11     | Killed a six-headed hydra
  9077 | D:11     | Reached skill level 10 in Fighting
  9092 | D:11     | Noticed a cyclops
  9104 | D:11     | Reached XP level 12. HP: 77/77 MP: 12/12
  9243 | D:11     | Noticed Urug
  9278 | D:11     | Reached *** piety under the Shining One
  9286 | D:11     | Killed Urug
  9465 | D:11     | Reached skill level 13 in Shields
 10003 | D:12     | Found a staircase to the Orcish Mines.
 10156 | D:12     | Noticed a soul eater
 10215 | D:12     | Found a burning altar of Makhleb.
 10491 | D:12     | Gained mutation: You have a pair of small antennae on your head. [mutagenic meat]
 10678 | D:13     | Found Jeech's Weapon Shop.
 10870 | D:13     | Reached **** piety under the Shining One
 11070 | D:13     | Noticed a catoblepas
 11085 | D:13     | Killed a catoblepas
 11155 | D:13     | Noticed a centaur warrior
 11174 | D:13     | Killed a centaur warrior
 11392 | D:13     | Noticed a centaur warrior
 11403 | D:13     | Killed a centaur warrior
 11403 | D:13     | Reached XP level 13. HP: 84/84 MP: 13/13
 11430 | D:13     | Noticed skk's ghost (journeyman DsFi)
 11633 | D:12     | Reached skill level 14 in Shields
 11841 | D:13     | Killed skk's ghost
 11841 | D:13     | Reached skill level 1 in Invocations
 12066 | D:14     | Found Mouqifig's Gadget Boutique.
 12133 | D:14     | Noticed a vault guard
 12327 | D:14     | Noticed a vault guard
 12367 | D:14     | Killed a vault guard
 12549 | D:14     | Found a portal to a secret trove of treasure.
 12612 | D:14     | Found Amehuut's Assorted Antiques.
 13206 | D:14     | Found Amehij's Weapon Shop.
 13395 | D:14     | Noticed a vault guard
 13419 | D:14     | Noticed a vault guard
 13420 | D:14     | Noticed an ogre mage
 13452 | D:14     | Paralysed by an ogre mage for 7 turns
 13744 | D:14     | Reached ***** piety under the Shining One
 13800 | D:13     | Killed a vault guard
 13806 | D:14     | Paralysed by an orc sorcerer for 3 turns
 14043 | D:14     | Killed an ogre mage
 14062 | D:14     | Killed a vault guard
 14190 | D:14     | Killed a vault guard
 14241 | D:14     | Found a gate to the Vaults.
 14241 | D:14     | Noticed a vault guard
 14261 | D:14     | Killed a vault guard
 14748 | D:15     | Entered Level 15 of the Dungeon
 14794 | D:15     | Gained mutation: Your large and strong wings let you fly indefinitely. [Gargoyle growth]
 14794 | D:15     | Reached XP level 14. HP: 91/91 MP: 17/17
 14819 | D:15     | Reached skill level 10 in Armour
 14876 | D:15     | Reached skill level 5 in Invocations
 14901 | D:15     | Reached skill level 15 in Shields
 15096 | D:15     | Gained mutation: Your spells are a little easier to cast, but a little less powerful. [mutagenic meat]
 15097 | D:15     | Lost mutation: Scrolls take you a little longer to read. [mutagenic meat]
 15098 | D:15     | Gained mutation: Your natural rate of healing is unusually fast. [mutagenic meat]
 15100 | D:15     | Gained mutation: Armour fits poorly on your strangely shaped body. [mutagenic meat]
 15605 | Orc:1    | Entered Level 1 of the Orcish Mines
 15711 | Orc:1    | Found Notuwkir's Distillery.
 15727 | Orc:1    | Bought a potion of heal wounds for 80 gold pieces
 15727 | Orc:1    | Bought a potion of heal wounds for 80 gold pieces
 16202 | Orc:1    | Noticed a stone giant
 16252 | Orc:1    | HP: 4/92 [stone giant (13)]
 16253 | Orc:1    | Killed a stone giant
 16469 | Orc:2    | Entered Level 2 of the Orcish Mines
 17094 | Orc:1    | Paralysed by an orc sorcerer for 3 turns
 17249 | Orc:2    | HP: 2/92 [burnt (4)]
 17250 | Orc:2    | Incinerated by a deep elf mage

Vault maps used:
D:1:      grunt_arrival_lava_bath
D:3:      portal_sewer_entry_b, first_bread
D:4:      uniq_grinder, uniq_natasha, uniq_edmund
D:5:      gammafunk_temple_overflow_pools, uniq_pikel
D:6:      kennysheep_mini_moat, old_standard_altar, serial_shops,
          shop_fountains, fedhas_altar_4
D:7:      nemelex_deck, gammafunk_temple_overflow_statue,
          minmay_temple_entry_junction2, uniq_crazy_yiuf_cottage
D:8:      grunt_ministairs_10
D:9:      grunt_temple_overflow_magic_moments, hangedman_ranch,
          grunt_pakellas_sulfur, uniq_joseph, uniq_erolcha
D:10:     dpeg_lair_monsters, kennysheep_just_a_vault, uniq_erica, uniq_sonja
D:11:     grunt_ministairs_5, st_stairs_10, uniq_urug
D:12:     orc_0_dummy, minmay_bad_closet, bloody_makhleb
D:13:     serial_shops, shop
D:14:     grunt_vaults_entry_fortified, enter_trove_5,
          minmay_staircase_windowed_large, serial_shops, shop,
          nicolae_shop_trees, shop, hangedman_decor_lopped, grunt_ministairs_7,
          lightli_fourway_metalbox
D:15:     hangedman_depths_entry_civil_slaughter, minmay_misc_feat_tower
Temple:   chambers_temple_10
Orc:1:    serial_shops, nicolae_shop_behind_doors
Orc:2:    st_orc_congregation, elves_outpost_lemuel, uniq_maud
Sewer:    sewer_big_baddie

Skill      XL: |  1  2  3  4  5  6  7  8  9 10 11 12 13 14 |
---------------+-------------------------------------------+-----
Shields        | 4 5 6 7 9 11 12 13 14 15 | 15.3
Maces & Flails | 3 4 5 6 7 9 10 12 13 | 13.7
Fighting       | 4 5 6 7 9 10 11 12 | 12.4
Armour         | 4 5 6 7 8 9 10 | 10.3
Invocations    | 4 6 |  6.5

Action                   |  1- 3 |  4- 6 |  7- 9 | 10-12 | 13-15 || total
-------------------------+-------+-------+-------+-------+-------++-------
Melee: Flail             |   121 |   252 |   385 |  1086 |  1093 ||  2937
Evoke: Wand              |       |       |       |       |     1 ||     1
  Use: Scroll            |       |     2 |    10 |     4 |       ||    16
       Potion            |       |       |       |     1 |     7 ||     8
  Eat: Chunk             |       |     6 |    11 |    24 |    10 ||    51
       Royal jelly       |       |       |       |     1 |     1 ||     2
       Beef jerky        |       |       |       |       |     2 ||     2
       Meat ration       |       |       |       |       |     2 ||     2
